AoeStats
← wuyu

Arena

510374921Analyzed
3v3 RM · 1d ago on Sep 30, 2026· 50m 43s· 6 players
Game mode
Random Map
Map size
Normal (6 player)
Population
200
Speed
Normal
Resources
Standard
Victory
Conquest
Starting age
Dark Age
Ending age
Imperial Age
RankedLock teamsTeams togetherTeam positionsShared explorationLock speedFull tech treeHidden civsTurbo modeCheats
Victory
Defeat
🇨🇭 Spanish · Switzerland
1241
+14
🇨🇳 Saracens · China
1230
+14
🇺🇸 Franks · United States
1162
+17
🇦🇷 Chinese · Argentina
1198
-15
🇦🇷 Varangians · Argentina
1189
-15
🇦🇷 Mapuche · Argentina
1186
-15
Yonag
10:10 Feudal Age
11:18 Loom
14:34 Castle Age
13:46 Horse Collar
13:52 Double-Bit Axe
26:17 Forging
34:07 Padded Archer Armor
35:11 Fletching
35:44 Malon
35:50 Bodkin Arrow
37:29 Gold Mining
41:45 Imperial Age
42:54 Ballistics
43:54 Chemistry
46:00 Elite Bolas Rider
Bum SEkss
10:03 Feudal Age
10:39 Loom
13:47 Castle Age
12:25 Double-Bit Axe
15:14 Gold Mining
16:16 Wheelbarrow
17:04 Fletching
20:47 Bodkin Arrow
23:06 Padded Archer Armor
28:10 Horse Collar
29:45 Husbandry
35:58 Imperial Age
34:39 Leather Archer Armor
36:44 Bracer
38:41 Chemistry
38:18 Ballistics
38:36 Cranequins
39:11 Heavy Mounted Crossbowman
40:19 Bow Saw
40:30 Fortified Wall
40:51 Bloodlines
43:01 Ring Archer Armor
49:07 Cavalier
50:19 Scale Barding Armor
DCOPN
0:44 Loom
10:27 Feudal Age
14:50 Castle Age
13:58 Double-Bit Axe
14:20 Gold Mining
14:50 Town Watch
20:17 Horse Collar
22:10 Crossbowman
23:11 Fletching
23:51 Bodkin Arrow
23:57 Padded Archer Armor
24:42 Thumb Ring
25:25 Heavy Plow
26:26 Wheelbarrow
26:24 Leather Archer Armor
26:37 Ballistics
27:23 Hand Cart
27:25 Bow Saw
29:10 Gold Shaft Mining
32:13 Imperial Age
29:58 Stone Mining
30:45 Town Patrol
32:36 Stone Shaft Mining
32:32 Arbalester
33:25 Bracer
33:55 Ring Archer Armor
34:04 Ring Archer Armor
35:54 Chemistry
40:10 Conscription
40:16 Rocketry
41:17 Heavy Scorpion
Baron279
11:48 Feudal Age
10:03 Loom
13:22 Horse Collar
13:29 Double-Bit Axe
17:42 Castle Age
16:53 Gold Mining
18:23 Wheelbarrow
18:52 Heavy Plow
20:32 Bow Saw
22:26 Stone Mining
25:06 Stone Shaft Mining
26:59 Hand Cart
29:21 Scale Barding Armor
29:26 Forging
30:14 Pikeman
33:29 Imperial Age
31:23 Scale Mail Armor
32:13 Iron Casting
32:03 Town Watch
32:42 Chain Barding Armor
32:38 Chain Mail Armor
33:02 Squires
32:50 Arson
33:17 Masonry
33:29 Ballistics
33:19 Fortified Wall
34:36 Conscription
34:56 Hoardings
35:34 Chemistry
35:04 Architecture
34:47 Fortified Wall
34:00 Halberdier
36:22 Two-Man Saw
35:00 Capped Ram
35:55 Siege Ram
38:18 Plate Mail Armor
38:49 Blast Furnace
38:25 Plate Barding Armor
37:50 Cavalier
38:31 Husbandry
38:41 Bloodlines
38:03 Elite Conquistador
40:08 Paladin
41:02 Fletching
41:25 Padded Archer Armor
43:31 Town Patrol
43:48 Leather Archer Armor
43:29 Bodkin Arrow
43:22 Elite Skirmisher
44:08 Thumb Ring
46:22 Ring Archer Armor
45:52 Bracer
wuyu
11:49 Feudal Age
16:05 Castle Age
15:02 Double-Bit Axe
15:00 Horse Collar
15:41 Loom
26:36 Wheelbarrow
26:34 Heavy Plow
31:33 Imperial Age
30:01 Scale Barding Armor
30:07 Forging
31:38 Chain Barding Armor
31:26 Gold Mining
32:42 Iron Casting
32:48 Hand Cart
33:08 Conscription
33:56 Fletching
34:39 Bodkin Arrow
37:21 Gold Shaft Mining
39:56 Bloodlines
39:46 Husbandry
40:24 Bow Saw
40:18 Light Cavalry
40:27 Onager
43:18 Blast Furnace
42:54 Plate Barding Armor
43:01 Hussar
43:23 Onager
44:18 Bimaristan
46:57 Elite Mameluke
rafed123
10:17 Feudal Age
14:32 Castle Age
14:27 Double-Bit Axe
14:58 Loom
16:49 Bow Saw
16:47 Gold Mining
30:53 Wheelbarrow
36:18 Imperial Age
34:08 Scale Mail Armor
34:42 Hand Cart
34:54 Forging
35:43 Scale Barding Armor
36:23 Cavalier
37:03 Husbandry
37:07 Town Watch
37:59 Iron Casting
37:44 Chain Barding Armor
40:28 Blast Furnace
40:27 Conscription
42:05 Gold Shaft Mining
42:35 Paladin
46:08 Plate Barding Armor
47:35 Fletching
48:06 Stone Mining
Connection lost

Rejoining the realm…

Still unreachable

The connection could not be restored.

Session expired

The server has moved on; the page needs a fresh start.